 Dungeon Crawl Stone Soup version 0.30-a0-989-g0d87f670db (webtiles) character file.

Game seed: 2541768083842933802

108 holysushi the Chopper (level 4, -5/58 HPs)
             Began as a Hill Orc Monk on Apr 3, 2023.
             Slain by an ogre
             ... wielding a +0 giant spiked club
              (9 damage)
             ... on level 4 of the Dungeon.
             The game lasted 00:02:16 (2184 turns).

holysushi the Chopper (Hill Orc Monk)               Turns: 2184, Time: 00:02:17

Health: -5/58      AC: 22    Str: 15    XL:     4   Next: 87%
Magic:  4/4        EV:  2    Int: 10    God:
Gold:   107        SH:  0    Dex: 19    Spells: 3/3 levels left

rFire   . . .      SeeInvis .    a - +0 hand axe
rCold   . . .      Faith    .    (no shield)
rNeg    . . .      Spirit   .    f - melded +0 ring mail
rPois   +          Reflect  .    (helmet currently unavailable)
rElec   .          Rampage  .    (cloak currently unavailable)
rCorr   +          NoTele   +    p - melded +0 pair of gloves
Will    .....                    e - melded +0 pair of boots
Stlth   ++                       (no amulet)
HPRegen 0.29/turn                k - +6 ring of dexterity
MPRegen 0.09/turn                q - ring of resist corrosion

@: tree-form
A: stationary, stasis, torment immunity, boosted hp
a: no special abilities


You were on level 4 of the Dungeon.
You were a tree.
You visited 1 branch of the dungeon, and saw 4 of its levels.

You collected 107 gold pieces.

Inventory:

Hand Weapons
 a - a +0 hand axe (weapon)
Armour
 b - a +0 robe
 e - a +0 pair of boots (melded)
 f - a +0 ring mail (melded)
 p - a +0 pair of gloves (melded)
Jewellery
 i - a ring of ice
 k - a +6 ring of dexterity (left branch)
 q - a ring of resist corrosion (right branch)
Scrolls
 c - a scroll of teleportation {unknown}
 d - 2 scrolls of identify {unknown}
 h - 3 scrolls of enchant weapon {unknown}
 o - 2 scrolls of magic mapping {unknown}
 r - 2 scrolls of amnesia {unknown}
Potions
 g - a potion of haste {unknown}
 l - a potion of mutation {unknown}
 m - a potion of resistance {unknown}
 n - 2 potions of brilliance {unknown}
 s - a potion of flight {unknown}
 t - 2 potions of curing {unknown}


   Skills:
 - Level 3.6 Fighting
 + Level 7.2 Axes
 - Level 2.4 Dodging
 - Level 1.5 Stealth


You had 3 spell levels left.
You didn't know any spells.
Your spell library contained the following spells:

 Spells                   Type           Power      Damage    Failure   Level
 Shock                    Conj/Air       0%         1d3       36%         1
 Static Discharge         Conj/Air       0%         2-2/arc   50%         2
 Swiftness                Air            0%         N/A       75%         3
 Vhi's Electric Charge    Tloc/Air       0%         N/A       75%         3
 Airstrike                Air            0%         2d(0-16)  98%         4
 Arcjolt                  Conj/Air       0%         1d10      100%        5
 Plasma Beam              Fire/Air       0%         2x1d7     100%        5


Dungeon Overview and Level Annotations

Branches:
Dungeon (4/15) Zot: 21799
 Temple: D:4-7

Altars:
Okawaru
Trog

Annotations:
D:2 1 runed translucent door, Crazy Yiuf


Message History

An ogre comes into view. It is wielding a +0 giant spiked club.
There are monsters nearby!
You hit the hobgoblin but do no damage.
The hobgoblin is moderately wounded.
The hobgoblin hits you but does no damage.
There are monsters nearby!
You hit the hobgoblin.
You kill the hobgoblin!
An ogre is nearby!
An ogre is nearby!
You aren't carrying any items that you can evoke.
Unknown command.
You hit the ogre.
The ogre is moderately wounded.
You barely miss the ogre.
The ogre is moderately wounded.
The ogre hits you with a +0 giant spiked club!
You hit the ogre but do no damage.
The ogre is moderately wounded.
The ogre hits you with a +0 giant spiked club!!
Ouch! That really hurt!
* * * LOW HITPOINT WARNING * * *
Okay, then.
Unknown command.
It was a potion of lignification.
You turn into a tree.
Your +0 pair of gloves melds into your body.
Your +0 pair of boots melds into your body.
Your +0 ring mail melds into your body.
Your roots penetrate the ground.
You barely miss the ogre.
The ogre is moderately wounded.
The ogre hits you but does no damage.
You hit the ogre.
The ogre is moderately wounded.
The ogre hits you but does no damage.
You barely miss the ogre.
The ogre is moderately wounded.
You hit the ogre but do no damage.
The ogre is moderately wounded.
The ogre hits you with a +0 giant spiked club!
You die...

.###.... #.# #.....P.
#.# ##....P. #.#
#.###.P. #.# #. #.P. #.#
. #... .######.# #...
.......†#############..#
#...O♣............#...
#.###############.....
##.### #.# #.# #.# #.#
#.# #.#


You could see an ogre.

Vanquished Creatures
  3 adders
  An ufetubus (D:2)
  3 worms (D:2)
  A dart slug (D:3)
  11 bats
  4 endoplasms
  A giant cockroach (D:4)
  6 goblins
  6 hobgoblins
  5 kobolds
  5 quokkas
  6 ball pythons
  3 frilled lizards
  9 rats
64 creatures vanquished.

Vanquished Creatures (others)
  15 plants (D:2)
15 creatures vanquished.

Grand Total: 79 creatures vanquished

Notes
Turn   | Place    | Note
-------+----------+-------------------------------------------
     0 | D:1      | holysushi the Hill Orc Monk began the quest for the Orb.
     0 | D:1      | Reached XP level 1. HP: 19/19 MP: 1/1
   112 | D:1      | Reached XP level 2. HP: 26/26 MP: 2/2
   133 | D:1      | Reached skill level 5 in Axes
   382 | D:1      | Reached XP level 3. HP: 25/31 MP: 3/3
   560 | D:2      | Reached skill level 6 in Axes
   773 | D:2      | Reached XP level 4. HP: 39/39 MP: 4/4
  1111 | D:2      | Found a runed translucent door.
  1112 | D:2      | Noticed Crazy Yiuf
  1487 | D:3      | Found an iron altar of Okawaru.
  1794 | D:3      | Reached skill level 7 in Axes
  2088 | D:4      | Found a bloodstained altar of Trog.
  2173 | D:4      | Noticed an ogre
  2184 | D:4      | Slain by an ogre

Illustrated notes

Levels and vault maps discovered:
D:1:      heliophobic_arrival_battle_scene, layout_rooms
D:2:      layout_loops_ring, serial_bayou, serial_bayou_shore_b,
          serial_bayou_pond_e, serial_bayou_pond_c, serial_bayou_ford_a,
          grunt_ministairs_14, uniq_crazy_yiuf_cottage
D:3:      layout_basic, okawaru_metal_pillars_3, st_stairs_3
D:4:      layout_loops_ring, mainiacjoe_overflow_boulevard,
          mainiacjoe_overflow_tiny_flanked, uniq_eustachio, uniq_blork_the_orc

Skill      XL: |  1  2  3  4 |
---------------+-------------+-----
Axes           | 5 6 7 |  7.2
Fighting       | |  3.6
Dodging        | |  2.4
Stealth        | |  1.5

Action                     |  1- 3 |  4- 6 || total
---------------------------+-------+-------++-------
  Melee: Hand axe          |   113 |   143 ||   256
         Punch             |       |     1 ||     1
    Use: Potion            |     1 |     1 ||     2
   Stab: Sleeping          |       |     2 ||     2
 Armour: Ring mail         |    70 |    61 ||   131
         Robe              |     3 |       ||     3
         Skin              |       |     2 ||     2
  Dodge: Dodged            |    96 |    88 ||   184

Table legend: (Time is in decaauts)
 A = Elapsed time spent in this place.
 B = Non-inter-level travel time spent in this place.
 C = Inter-level travel time spent in this place.
 D = Time resting spent in this place.
 E = Time spent auto-exploring this place.
 F = Levels seen in this place.
 G = Mean time per level.
                   A        B        C        D        E       F      G
               +--------+--------+--------+--------+--------+-----+--------+
         Total |   2199 |   2140 |     59 |      0 |   1549 |   4 |  549.8 |
       Dungeon |   2199 |   2140 |     59 |      0 |   1549 |   4 |  549.8 |
               +--------+--------+--------+--------+--------+-----+--------+

Top non-repeatable levels by time:
     D:2: 1005 daAuts
     D:3: 497 daAuts
     D:1: 492 daAuts
     D:4: 204 daAuts
